 Dungeon Crawl Stone Soup version 0.28.0-43-g3370ac3207 (webtiles) character file.

Game seed: 3027226458434063477

306 NoSkeletonsAllowed the Chucker (level 6, 0/62 HPs)
             Began as an Ogre Hunter on Mar 17, 2022.
             Was a Believer of Fedhas.
             Slain by a scorpion (7 damage)
             ... on level 4 of the Dungeon.
             The game lasted 00:16:21 (2537 turns).

NoSkeletonsAllowed the Chucker (Ogre Hunter)        Turns: 2537, Time: 00:16:21

Health: 0/62       AC:  3    Str: 17    XL:     6   Next: 39%
Magic:  6/6        EV: 10    Int: 12    God:    Fedhas [**....]
Gold:   8          SH:  0    Dex: 11    Spells: 5/5 levels left

rFire   . . .      SeeInvis .   o - +2 whip (vorpal)
rCold   . . .      Faith    .   (no shield)
rNeg    . . .      Spirit   .   b - +0 robe
rPois   .          Reflect  .   (helmet restricted)
rElec   .          Harm     .   (no cloak)
rCorr   .          Rampage  .   (gloves unavailable)
Will    .....                   (boots unavailable)
Stlth   +.........              (no amulet)
HPRegen 0.20/turn               (no ring)
MPRegen 0.10/turn               (no ring)

@: brilliant, lethally poisoned (0 -> -3)
A: large, unfitting armour, tough skin 1
a: Renounce Religion, Wall of Briars


You were on level 4 of the Dungeon.
You worshipped Fedhas.
Fedhas was pleased with you.
You visited 1 branch of the dungeon, and saw 5 of its levels.

You collected 73 gold pieces.
You spent 65 gold pieces at shops.

Inventory:

Hand Weapons
 a - a +0 short sword
 o - a +2 vorpal whip (weapon)
Missiles
 j - 2 boomerangs (quivered)
 p - 35 stones
Armour
 b - a +0 robe (worn)
 k - a +0 leather armour
Jewellery
 q - the ring of Fungowou {Fire Int+2}
   (You found it on level 3 of the Dungeon)

   [ring of fire]

   It enhances your fire magic.
   Int:       It affects your intelligence (+2).
   rF:        It protects you from fire.
   rC:        It makes you vulnerable to cold.
 t - an amulet of reflection
Scrolls
 d - a scroll of fear {unknown}
 f - a scroll of fog {unknown}
 g - a scroll of blinking {unknown}
 h - 2 scrolls of teleportation
 i - 2 scrolls of identify
 n - a scroll of immolation {unknown}
 s - a scroll of magic mapping
Potions
 e - 2 potions of mutation


   Skills:
 * Level 3.7 Fighting
 * Level 2.1 Maces & Flails
 * Level 6.2 Throwing
 * Level 2.6 Dodging
 - Level 0.6 Stealth


You had 5 spell levels left.
You didn't know any spells.
Your spell library was empty.

Dungeon Overview and Level Annotations

Branches:
Dungeon (5/15)
 Temple: D:4-7

Altars:
Fedhas

Shops:
D:3 ?


Innate Abilities, Weirdness & Mutations

You are too large for most types of armour.
You have tough skin. (AC +1)


Message History

The hound is severely wounded.
The hound barely misses you. The hound bites you.
* * * LOW HITPOINT WARNING * * *
The adder closely misses you. The adder closely misses you.
The adder barely misses you. The adder bites you.
* * * LOW HITPOINT WARNING * * *
Okay, then.
You closely miss the adder. The adder barely misses you.
You closely miss the adder. The adder bites you.
* * * LOW HITPOINT WARNING * * *
The adder barely misses you.
You flicker for a moment.
You barely miss the adder. The adder barely misses you.
The hound pauses to sniff the ground.
The adder closely misses you. The hound closely misses you.
You flicker back into view.
The hound closely misses you. The hound bites you.
* * * LOW HITPOINT WARNING * * *
You see here a large rock.
c - a large rock The hound closely misses you.
The adder bites you.
* * * LOW HITPOINT WARNING * * *
The hound barely misses you.
Throw: large rock
Press: ? - help, Q - select action, (/) - cycle Shift-Dir - straight line, p - scorpion You throw a large rock.
The large rock hits the hound!!
You kill the hound!
Fedhas appreciates your contribution to the ecosystem.
The adder bites you but does no damage. The adder bites you.
* * * LOW HITPOINT WARNING * * *
You are poisoned.
The adder poisons you! The scorpion barely misses you.
You feel sick. The adder bites you but does no damage. The scorpion stings you!
You die...
Fedhas appreciates your contribution to the ecosystem.

#......# #.....#
#..########s###..# #..#
#...# #..# ###..# #.###
#..#
.....######.########..#
.................).....
#...#.....#......### ##
#.##..........(S..##
#.#............s@..#
..#................#
###................#
#................#
#................#
#................#
##................
##....<##.....####
####### ###


You could see a scorpion and an adder.

Vanquished Creatures
  A scorpion (D:4)
  3 hounds
  An orc priest (D:5)
  2 gnolls (D:1)
  7 adders
  A worm (D:2)
  A dart slug (D:1)
  2 orcs (D:5)
  4 bats
  7 endoplasms
  2 goblins (D:1)
  5 hobgoblins
  3 kobolds
  A quokka (D:2)
  2 ball pythons (D:3)
  2 frilled lizards
  2 rats
46 creatures vanquished.

Notes
Turn   | Place    | Note
-------+----------+-------------------------------------------
     0 | D:1      | NoSkeletonsAllowed the Ogre Hunter began the quest for the
                  | Orb.
     0 | D:1      | Reached XP level 1. HP: 22/22 MP: 1/1
    32 | D:1      | Reached XP level 2. HP: 21/29 MP: 2/2
   159 | D:1      | Reached XP level 3. HP: 36/36 MP: 3/3
   398 | D:1      | Found a faded altar of an unknown god.
   406 | D:1      | Prayed at the altar of an unknown god.
   406 | D:1      | Became a worshipper of Fedhas Madash
   406 | D:1      | Reached * piety under Fedhas
   471 | D:1      | Reached skill level 5 in Throwing
  1059 | D:2      | Reached XP level 4. HP: 35/44 MP: 4/4
  1506 | D:3      | Identified the ring of Fungowou {Fire Int+2}
  1804 | D:3      | Found Guduteyr's Magic Scroll Boutique.
  1821 | D:3      | Bought a scroll of teleportation for 30 gold pieces
  1971 | D:3      | Bought a scroll of magic mapping for 35 gold pieces
  2007 | D:3      | Reached ** piety under Fedhas
  2044 | D:3      | You fall into a shaft and drop 2 floors!
  2044 | D:5      | Entered Level 5 of the Dungeon
  2046 | D:5      | Reached XP level 5. HP: 53/53 MP: 5/5
  2147 | D:5      | Reached skill level 1 in Maces & Flails
  2166 | D:5      | Noticed an ogre
  2466 | D:4      | Reached skill level 6 in Throwing
  2466 | D:4      | Reached XP level 6. HP: 62/62 MP: 6/6
  2537 | D:4      | Slain by a scorpion

Illustrated notes

Levels and vault maps discovered:
D:1:      ebering_hopf_link, layout_loops_ring,
          hellmonk_ecumenical_altar_arch_garden
D:2:      layout_loops_ring, minmay_misc_feat_chi
D:3:      layout_basic, mainiacjoe_overflow_brackets, serial_shops, shop_statue
D:4:      layout_rooms, portal_sewer_entry_e, minmay_misc_feat_nine_boxes
D:5:      layout_rooms

Skill      XL: |  1  2  3  4  5 |
---------------+----------------+-----
Throwing       | 5 6 |  6.2
Dodging        | 2 |  2.6
Fighting       | 3 |  3.7
Maces & Flails | 2 |  2.1
Stealth        | |  0.6

Action                   |  1- 3 |  4- 6 || total
-------------------------+-------+-------++-------
Melee: Short sword       |    28 |       ||    28
       Punch             |     1 |     1 ||     2
       Whip              |       |    45 ||    45
Throw: Large rock        |    31 |    24 ||    55
       Throwing net      |     7 |     3 ||    10
       Boomerang         |     3 |    31 ||    34
Invok: Wall of Briars    |       |     2 ||     2
  Use: Scroll            |     3 |     3 ||     6
       Potion            |       |     4 ||     4
 Stab: Sleeping          |       |     1 ||     1
Armor: Robe              |    20 |    30 ||    50
Dodge: Dodged            |    32 |    65 ||    97
